 Dungeon Crawl Stone Soup version 0.28.0-43-g3370ac3207 (webtiles) character file.

Game seed: 12849559333802382362

9022 Zeld the Thaumaturge (level 11, -1/60 HPs)
             Began as a Deep Elf Fire Elementalist on Mar 15, 2022.
             Was a Priest of Vehumet.
             Slain by a seven-headed hydra (5 damage)
             ... on level 11 of the Dungeon.
             The game lasted 00:18:06 (15688 turns).

Zeld the Thaumaturge (Deep Elf Fire Elementalist)  Turns: 15688, Time: 00:18:06

Health: -1/60      AC:  9    Str:  7    XL:     11   Next: 17%
Magic:  20/29      EV: 12    Int: 25    God:    Vehumet [***...]
Gold:   376        SH:  5    Dex: 15    Spells: 23/34 levels left

rFire   + . .      SeeInvis .   a - +0 long sword "Isinad" {vorpal, Drain rPois rF+ Str+2}
rCold   . . .      Faith    .   (no shield)
rNeg    . . .      Spirit   .   n - +2 leather armour {rPois}
rPois   +          Reflect  +   (no helmet)
rElec   .          Harm     .   g - +2 cloak
rCorr   .          Rampage  .   q - +0 pair of gloves
Will    +....                   (no boots)
Stlth   +++.......              j - amulet of reflection
HPRegen 0.20/turn               (no ring)
MPRegen 0.21/turn               (no ring)

@: no status effects
A: no striking features
a: Renounce Religion


You were on level 11 of the Dungeon.
You worshipped Vehumet.
Vehumet was most pleased with you.
You visited 2 branches of the dungeon, and saw 12 of its levels.
You also visited: Ossuary.

You collected 651 gold pieces.
You spent 275 gold pieces at shops.

Inventory:

Hand Weapons
 a - the +0 long sword "Isinad" (weapon) {vorpal, Drain rPois rF+ Str+2}
   (You found it on level 5 of the Dungeon)

   It inflicts extra damage upon your enemies.
   Str:       It affects your strength (+2).
   rF:        It protects you from fire.
   rPois:     It protects you from poison.
   Drain:     It drains your maximum health when unequipped.
Armour
 g - a +2 cloak (worn)
 n - a +2 leather armour of poison resistance (worn)
 q - a +0 pair of gloves (worn)
Jewellery
 j - an amulet of reflection (around neck)
Wands
 k - a wand of flame (30)
 r - a wand of mindburst (9)
 y - a wand of paralysis (1)
Scrolls
 d - 7 scrolls of teleportation
 l - 2 scrolls of fear
 m - 6 scrolls of amnesia
 s - 2 scrolls of enchant weapon
 t - 2 scrolls of enchant armour
 u - 3 scrolls of magic mapping
 C - 2 scrolls of fog
 H - a scroll of acquirement {unknown}
Potions
 e - 2 potions of haste {unknown}
 f - 5 potions of curing {unknown}
 h - 3 potions of degeneration {unknown}
 o - 3 potions of might {unknown}
 p - a potion of invisibility {unknown}
 v - 2 potions of ambrosia {unknown}
 w - a potion of mutation {unknown}
 x - a potion of cancellation {unknown}
 z - 2 potions of brilliance {unknown}
 A - 4 potions of attraction {unknown}
 B - 3 potions of heal wounds {unknown}
 E - a potion of berserk rage {unknown}
 F - a potion of flight {unknown}
 I - 3 potions of lignification {unknown}
Miscellaneous
 D - a box of beasts
 G - a phantom mirror
 J - a lightning rod (4/4)


   Skills:
 + Level 3.2 Fighting
 * Level 7.1 Long Blades
 - Level 4.0 Dodging
 - Level 6.0 Stealth
 - Level 12.0 Spellcasting
 + Level 7.0 Conjurations
 * Level 10.5 Fire Magic


You had 23 spell levels left.
You knew the following spells:

 Your Spells              Type           Power      Damage    Failure   Level
a - Foxfire               Conj/Fire      100%       2x1d9     1%          1
b - Scorch                Fire           100%       2d10      1%          2
c - Flame Wave            Conj/Fire      56%        2d11      1%          4
d - Sticky Flame          Conj/Fire      56%        2d7       1%          4

Your spell library contained the following spells:

 Spells                   Type           Power      Damage    Failure   Level
 Frozen Ramparts          Ice            30%        1d5       5%          3
 Conjure Flame            Conj/Fire      56%        6-21      1%          3
 Dazzling Flash           Conj/Hex       64%        N/A       1%          3
 Ignite Poison            Fire/Tmut/Pois 32%        N/A       1%          3
 Inner Flame              Hex/Fire       41%        N/A       1%          3
 Mephitic Cloud           Conj/Pois/Air  26%        N/A       1%          3
 Poisonous Vapours        Pois/Air       30%        N/A       2%          2
 Iskenderun's Mystic Bla  Conj/Tloc      32%        2d8       4%          4
 Sting                    Tmut/Pois      60%        1d6       6%          1
 Summon Small Mammal      Summ           60%        N/A       6%          1
 Starburst                Conj/Fire      28%        6d9       7%          6
 Olgreb's Toxic Radiance  Pois           15%        N/A       16%         4
 Freezing Cloud           Conj/Ice/Air   13%        6-21      17%         5
 Call Canine Familiar     Summ           15%        N/A       19%         3
 Gell's Gravitas          Tloc           15%        N/A       19%         3
 Summon Guardian Golem    Hex/Summ       15%        N/A       19%         3
 Teleport Other           Tloc           15%        N/A       19%         3
 Agony                    Necr           15%        N/A       86%         5
 Silence                  Hex/Air        7%         N/A       86%         5
 Dispersal                Tloc           7%         N/A       100%        6


Dungeon Overview and Level Annotations

Branches:
Dungeon (11/15)            Temple (1/1) D:5            Lair (0/6) D:9
Ossuary (visited)
    Orc: D:9-12

Altars:
Ashenzari
Cheibriados
Dithmenos
Elyvilon
Fedhas
Gozag
Hepliaklqana
Kikubaaqudgha
Makhleb
Nemelex Xobeh
Okawaru
Qazlal
Ru
Sif Muna
Trog
Uskayaw
Vehumet
Wu Jian
Xom
Yredelemnul
Zin
The Shining One

Shops:
D:4 [   D:9 (


Message History

The seven-headed hydra is heavily wounded.
The seven-headed hydra bites you! x2
The seven-headed hydra barely misses you.
The seven-headed hydra bites you. The seven-headed hydra bites you!
The seven-headed hydra barely misses you.
The seven-headed hydra bites you but does no damage.
Casting: Scorch (safe; 1% risk of failure)
Confirm with . or Enter, or press ? or * to list all spells.
Aiming: Sticky Flame (safe; 1% risk of failure)
Press: ? - help, Shift-Dir - straight line, f - seven-headed hydra
Aim: a seven-headed hydra (heavily wounded, more vulnerable to fire, 100% to hit)
The sticky flame hits the seven-headed hydra!!
The seven-headed hydra is burned terribly!
The seven-headed hydra is severely wounded.
The seven-headed hydra is covered in liquid flames!
The seven-headed hydra burns!
The seven-headed hydra bites you!
* * * LOW HITPOINT WARNING * * *
The seven-headed hydra bites you but does no damage.
The seven-headed hydra misses you.
The seven-headed hydra barely misses you.
The seven-headed hydra bites you.
* * * LOW HITPOINT WARNING * * *
The seven-headed hydra bites you.
* * * LOW HITPOINT WARNING * * *
You block the seven-headed hydra's attack.
Unknown command.
The seven-headed hydra burns!
The seven-headed hydra burns!
The seven-headed hydra burns!
What are your orders? t - Shout!
Orders for allies: a - Attack new target. p - Attack previous target. r - Retreat! s - Stop attacking. g - Guard the area. f - Follow me.
Anything else - Cancel.
Okay, then.
The seven-headed hydra burns!
The seven-headed hydra barely misses you.
The seven-headed hydra misses you. The seven-headed hydra bites you.
You die...

### #.....#
##'#### #.# ##.#
#..# ##'#######
#........#
#######.......(#
......'......@.#
######......D.#
#........#
##'####### #.#
#.# #.# #.. ###


You could see a seven-headed hydra (burning, combustible).

Vanquished Creatures
  A two-headed ogre (D:11)
  A cyclops (D:11)
  A troll (D:10)
  A hornet (D:9)
  2 meliai zombies (D:10)
  A wraith (D:9)
  5 yaks
  3 steam dragons
  4 water moccasins
  Duvessa (D:5)
  8 black bears
  A sky beast (D:8)
  3 ice beasts
  A necrophage (D:4)
  2 orc warriors
  4 ogres
  4 centaurs
  3 phantoms
  An elf zombie (Ossuary)
  A kobold brigand (D:8)
  A gnoll sergeant (D:9)
  5 bullfrogs
  9 scorpions
  2 water moccasin zombies
  A wyvern skeleton (D:7)
  Dowan (D:5)
  A water moccasin skeleton (D:7)
  11 killer bees
  4 wights (D:9)
  2 vampire bats (D:5)
  2 hounds
  6 orc priests
  A bullfrog zombie (D:5)
  2 gnoll shamans
  2 jellies (D:5)
  A centaur zombie (D:9)
  4 human zombies (Ossuary)
  A bullfrog skeleton (D:5)
  2 centaur skeletons
  A scorpion zombie (D:5)
  Jessica (D:2)
  2 iguanas (D:5)
  2 orc wizards
  A killer bee zombie (D:7)
  3 hound zombies
  2 hound skeletons (D:4)
  3 mummies (Ossuary)
  2 howler monkey zombies
  11 gnolls
  A howler monkey skeleton (D:7)
  5 adders
  A shadow imp (D:5)
  2 white imps
  3 adder zombies
  An adder skeleton (D:4)
  2 worms (D:2)
  A dart slug (D:5)
  18 orcs
  8 ball pythons
  9 bats
  A bat skeleton (D:5)
  3 bat zombies (D:5)
  7 endoplasms
  2 giant cockroaches (D:1)
  5 goblins
  7 hobgoblins
  7 jackals
  11 kobolds
  2 quokkas
  3 frilled lizards
  2 gnoll zombies (Ossuary)
  7 goblin zombies (Ossuary)
  6 hobgoblin zombies (Ossuary)
  A jackal zombie (Ossuary)
  3 kobold zombies (Ossuary)
  An orc zombie (Ossuary)
  5 quokka zombies
  4 rats
  3 rat zombies (Ossuary)
265 creatures vanquished.

Vanquished Creatures (collateral kills)
  3 foxfires (D:4)
3 creatures vanquished.

Vanquished Creatures (others)
  377 foxfires
  37 fungi (D:9)
  33 plants
  A withered plant (D:4)
448 creatures vanquished.

Grand Total: 716 creatures vanquished

Notes
Turn   | Place    | Note
-------+----------+-------------------------------------------
     0 | D:1      | Zeld the Deep Elf Fire Elementalist began the quest for the
                  | Orb.
     0 | D:1      | Reached XP level 1. HP: 10/10 MP: 6/6
   307 | D:1      | Reached XP level 2. HP: 15/15 MP: 6/8
   310 | D:1      | Learned a level 2 spell: Scorch
   442 | D:1      | Found a faded altar of an unknown god.
  1344 | D:2      | Noticed Jessica
  1353 | D:2      | Killed Jessica
  1354 | D:2      | Reached XP level 3. HP: 14/19 MP: 5/10
  1640 | D:2      | Reached skill level 4 in Spellcasting
  1642 | D:2      | Reached XP level 4. HP: 24/24 MP: 7/12
  2762 | D:3      | Learned a level 4 spell: Flame Wave
  2765 | D:3      | Reached XP level 5. HP: 21/28 MP: 0/13
  2781 | D:3      | Learned a level 4 spell: Sticky Flame
  3648 | D:4      | Found a hazy altar of Hepliaklqana.
  3664 | D:4      | Noticed a necrophage
  3669 | D:4      | Killed a necrophage
  3670 | D:4      | Reached skill level 5 in Spellcasting
  3721 | D:4      | Reached XP level 6. HP: 29/32 MP: 11/15
  3899 | D:4      | Reached skill level 5 in Fire Magic
  4156 | D:4      | Found Ciomaygegri's Antique Armour Boutique.
  4166 | D:4      | Bought a glowing leather armour for 145 gold pieces
  4859 | D:4      | Found Jixo's Magic Scroll Emporium.
  4871 | D:4      | Bought a scroll of identify for 20 gold pieces
  4871 | D:4      | Bought a scroll of identify for 20 gold pieces
  4950 | D:4      | Reached skill level 6 in Spellcasting
  5079 | D:5      | Entered Level 5 of the Dungeon
  5095 | D:5      | Reached XP level 7. HP: 36/36 MP: 11/18
  5236 | D:5      | Found a snail-covered altar of Cheibriados.
  5240 | D:5      | Found a hide-covered altar of Uskayaw.
  5241 | D:5      | Found a broken altar of Ashenzari.
  5290 | D:5      | Found an iron altar of Okawaru.
  5503 | D:5      | Found a staircase to the Ecumenical Temple.
  5514 | D:5      | Identified the +0 long sword "Isinad" {vorpal, Drain rPois
                  | rF+ Str+2}
  5534 | Temple   | Entered the Ecumenical Temple
  5592 | Temple   | Became a worshipper of Vehumet
  5934 | D:5      | Reached skill level 1 in Long Blades
  5988 | D:5      | Found an ancient bone altar of Kikubaaqudgha.
  5989 | D:5      | Noticed Duvessa
  5990 | D:5      | Noticed Dowan
  6008 | D:5      | Killed Duvessa
  6009 | D:5      | Reached skill level 7 in Spellcasting
  6011 | D:5      | Killed Dowan
  6012 | D:5      | Reached skill level 5 in Stealth
  6129 | D:4      | Bought a scroll of identify for 20 gold pieces
  6261 | D:5      | Reached XP level 8. HP: 28/41 MP: 11/20
  6952 | D:5      | Reached skill level 8 in Spellcasting
  7695 | D:6      | Found a blossoming altar of Fedhas.
  7699 | D:6      | Reached XP level 9. HP: 45/45 MP: 18/23
  7744 | D:6      | Found a sand-covered staircase.
  7748 | Ossuary  | Entered an ossuary
  7828 | Ossuary  | Reached * piety under Vehumet
  7828 | Ossuary  | Offered knowledge of Sandblast by Vehumet.
  7884 | Ossuary  | Reached skill level 5 in Conjurations
  8177 | Ossuary  | Reached skill level 9 in Spellcasting
  8681 | D:4      | Bought a scroll of identify for 20 gold pieces
  8681 | D:4      | Bought a scroll of identify for 20 gold pieces
  8681 | D:4      | Bought a scroll of teleportation for 30 gold pieces
  8836 | D:6      | Offered knowledge of Searing Ray by Vehumet.
  8849 | D:6      | Reached ** piety under Vehumet
 10089 | D:7      | Reached skill level 5 in Long Blades
 10301 | D:7      | Reached skill level 1 in Fighting
 10301 | D:7      | Reached skill level 10 in Spellcasting
 10459 | D:7      | Found a burning altar of Makhleb.
 10556 | D:7      | Reached XP level 10. HP: 22/52 MP: 24/26
 10946 | D:7      | HP: 2/52 [orc warrior/+0 glaive (12)]
 12087 | D:8      | Found a glowing golden altar of the Shining One.
 12335 | D:9      | Offered knowledge of Stone Arrow by Vehumet.
 12471 | D:9      | Reached *** piety under Vehumet
 12606 | D:9      | Reached skill level 11 in Spellcasting
 12895 | D:9      | Found a staircase to the Lair.
 13310 | D:9      | Offered knowledge of Frozen Ramparts by Vehumet.
 13710 | D:9      | Found Zypnos's Antique Weapon Shoppe.
 13717 | D:9      | Found a sparkling altar of Nemelex Xobeh.
 13784 | D:9      | Reached skill level 10 in Fire Magic
 13884 | D:10     | Entered Level 10 of the Dungeon
 14233 | D:10     | Identified the +7 rapier "Witic" {vorpal, rCorr Dex+4 SInv}
 14596 | D:10     | Reached XP level 11. HP: 47/56 MP: 22/28
 14939 | D:10     | Identified the +9 mace of Gravity {protect, Contam rElec
                  | rF- rCorr}
 15142 | D:11     | Reached skill level 12 in Spellcasting
 15215 | D:11     | Noticed a two-headed ogre
 15234 | D:11     | Killed a two-headed ogre
 15674 | D:11     | Noticed a seven-headed hydra
 15684 | D:11     | HP: 3/60 [seven-headed hydra (4)]
 15688 | D:11     | Slain by a seven-headed hydra

Illustrated notes

Levels and vault maps discovered:
D:1:      tarquinn_simple_flora_water_d, layout_loops_ring,
          nicolae_ecumenical_snake_handling, minmay_cut_off
D:2:      layout_rooms, uniq_jessica
D:3:      layout_loops_corners, serial_forest, infiniplex_forest_lined_3,
          infiniplex_forest_end_3, infiniplex_forest_straight_1,
          infiniplex_forest_zigzag_1, infiniplex_forest_lined_2,
          infiniplex_forest_clump_tiny, kennysheep_generic_room_13
D:4:      layout_basic, mainiacjoe_overflow_concentric_impassable,
          serial_undead, serial_undead_c, serial_undead_f, serial_undead_b,
          serial_undead_d, serial_shops, nicolae_shop_overgrown_old_shop, shop,
          nicolae_grassy_gnolls
D:5:      minmay_razor_zed, layout_basic, kennysheep_vampire_church,
          okawaru_ov_weapons_minmay, grunt_temple_overflow_open,
          minmay_temple_entry_wispy, minivault_5, uniq_duvessa
D:6:      layout_loops_ring, mainiacjoe_overflow_cross_hatched,
          nicolae_ossuary_entry_plus, minivault_10, minmay_puff
D:7:      layout_basic, makhleb_blood_cavern_becter, minmay_misc_feat_x
D:8:      layout_loops_ring, mainiacjoe_overflow_chevrons
D:9:      layout_stronghold, mainiacjoe_overflow_tiny_flanked,
          due_lair_maze_entry_diamond, serial_shops, shop, kennysheep_doodads
D:10:     layout_roguey, minmay_misc_feat_iff,
          nicolae_concentric_dashed_squares_mild
D:11:     layout_roguey, amcnicky_mini_pool_small, grunt_decor_arrowhead
Temple:   minmay_temple_bridge_abc

Skill      XL: |  1  2  3  4  5  6  7  8  9 10 11 |
---------------+----------------------------------+-----
Stealth        | 3 4 5 6 |  6.0
Spellcasting   | 4 5 6 7 8 10 11 12 | 12.0
Fire Magic     | 4 5 6 7 8 10 | 10.5
Dodging        | 3 4 |  4.0
Conjurations   | 2 3 4 5 6 7 |  7.0
Long Blades    | 2 3 5 6 7 |  7.1
Fighting       | 1 2 3 |  3.2

Action                   |  1- 3 |  4- 6 |  7- 9 | 10-12 || total
-------------------------+-------+-------+-------+-------++-------
Melee: Unarmed           |       |     7 |       |       ||     7
       Long sword        |       |       |    85 |     8 ||    93
       Punch             |       |       |     3 |       ||     3
 Cast: Foxfire           |    67 |   122 |    33 |     4 ||   226
       Scorch            |     1 |    29 |   131 |   163 ||   324
       Flame Wave        |       |       |    10 |     2 ||    12
       Sticky Flame      |       |       |     2 |     4 ||     6
Evoke: Wand              |       |       |       |     7 ||     7
  Use: Scroll            |       |     4 |     9 |     2 ||    15
 Stab: Distracted        |       |       |     2 |       ||     2
       Sleeping          |       |       |     1 |       ||     1
Armor: Robe              |     4 |    11 |       |       ||    15
       Leather armour    |       |     2 |   121 |    35 ||   158
Dodge: Dodged            |     6 |    63 |   194 |    88 ||   351
Block: Other             |       |       |    39 |    23 ||    62
       Reflection        |       |       |       |     1 ||     1
